 Dungeon Sprint DCSS version 0.24.0-1-gfbc8707 (webtiles) character file.

Game seed: 2670985673704546404, levelgen mode: deterministic

50 Fang the Skirmisher (level 5, -5/55 HPs)
             Began as a Gargoyle Berserker on Nov 4, 2019.
             Was an Elder of Trog.
             Slain by a rust devil (12 damage)
             ... in the Dungeon (Sprint VI: "Thunderdome").
             The game lasted 00:01:13 (412 turns).

Fang the Skirmisher (Gargoyle Berserker)             Turns: 412, Time: 00:01:14

Health: -5/55      AC: -21   Str: 27    XL:     5   Next: 5%
Magic:  5/5        EV: 13    Int:  7    God:    Trog [****..]
Gold:   160        SH:  0    Dex:  9    Spells: 4/4 levels left

rFire    . . .     SeeInvis .   a - +0 broad axe
rCold    . . .     Gourm    .   (no shield)
rNeg     + . .     Faith    .   b - +0 animal skin
rPois    ∞         Spirit   .   (no helmet)
rElec    +         Reflect  .   (no cloak)
rCorr    .         Harm     .   (no gloves)
MR       .....     NoTele   +   (no boots)
Stlth    ..........             (no amulet)
HPRegen  0.18/turn              (no ring)
MPRegen  0.09/turn              (no ring)

@: berserking (expiring), corroded, very quick
A: negative energy resistance 1, electricity resistance, unbreathing,
petrification resistance, rot immunity, AC +4
a: Berserk, Trog's Hand, Brothers in Arms, Renounce Religion


You were in the Dungeon.
You worshipped Trog.
Trog was greatly pleased with you.
You were not hungry.

You visited 1 branch You collected 280 gold pieces.
You spent 120 gold pieces at shops.

Inventory:

Hand Weapons
 a - a +0 broad axe (weapon)
Armour
 b - a +0 animal skin (worn)
Wands
 k - a wand of acid (5)
 l - a wand of iceblast (5)
Scrolls
 i - 4 scrolls of blinking
 m - 3 scrolls of fog
Potions
 d - a potion of curing
 e - 4 potions of heal wounds
 f - 4 potions of haste
 g - 2 potions of magic
 h - a potion of berserk rage
 j - 2 potions of resistance
Comestibles
 c - a ration
 n - 5 chunks of flesh


   Skills:
 * Level 6.3 Fighting
 * Level 5.2 Axes
 + Level 5.4 Armour
 + Level 4.0 Dodging


You had 4 spell levels left.
You didn't know any spells.
Your spell library was empty.

Dungeon Overview and Level Annotations

Branches:
Dungeon (1/1)

Altars:
Cheibriados
Dithmenos
Fedhas
Gozag
Kikubaaqudgha
Makhleb
Okawaru
Qazlal
Ru
Sif Muna
Trog
Uskayaw
Vehumet
Wu Jian
Xom
Yredelemnul
Zin
The Shining One
Beogh
Jiyva
Lugonu

Shops:
D *[%??*?*:[((!!!!


Innate Abilities, Weirdness & Mutations

You are resistant to torment.
Your stone body is resilient. (AC +4)
You are immune to poison.
You resist negative energy. (rN+)
You are resistant to electric shocks. (rElec)
You can survive without breathing.
You are immune to petrification.
You are immune to rotting.


Message History

You are too injured to fight recklessly!
You are too injured to fight recklessly!
You are too injured to fight recklessly!
You hit the rust devil but do no damage.
The rust devil is severely wounded.
You closely miss the rust devil. The rust devil hits you.
* * * LOW HITPOINT WARNING * * *
The rust devil corrodes you! The rust devil hits you.
* * * LOW HITPOINT WARNING * * *
The rust devil corrodes you!
You completely miss the rust devil.
The rust devil is severely wounded.
You slash the rust devil! The rust devil hits you!
* * * LOW HITPOINT WARNING * * *
The rust devil corrodes you! The rust devil misses you.
You barely miss the rust devil.
The rust devil is severely wounded.
You hit the rust devil but do no damage.
The rust devil closely misses you. The rust devil hits you!
You die...

#⌠...........⌠#
######.8.........8.####
##∩___......###......___
###∩....÷...8.# #.8.......
##.............###.........
#⌠..........###...###......
#⌠..........# #.<.# #......
#⌠........4.###...###......
##........@4...###.........
###∩........8.# #.8.......
##∩.__......###......__.
######.8.........8.####
#⌠÷..........⌠#
###.........### #_......._#
#_......._# #_......._#


You could see 2 rust devils.

Vanquished Creatures
  A jelly (D)
  An iron imp (D)
  4 adders (D)
  5 oozes (D)
  A ball python (D)
12 creatures vanquished.

Notes
Turn   | Place    | Note
-------+----------+-------------------------------------------
     0 | D        | Fang the Gargoyle Berserker began the quest for the Orb.
     0 | D        | Reached XP level 1. HP: 14/14 MP: 1/1
     1 | D        | Found a radiant altar of Vehumet.
     2 | D        | Found a basalt altar of Yredelemnul.
     2 | D        | Found a snail-covered altar of Cheibriados.
     3 | D        | Found a stormy altar of Qazlal.
     3 | D        | Found a viscous altar of Jiyva.
     4 | D        | Found a hide-covered altar of Uskayaw.
     4 | D        | Found an ancient bone altar of Kikubaaqudgha.
     4 | D        | Found Bekkai's Staff Store.
     4 | D        | Found Gusull's Magic Scroll Shop.
     5 | D        | Found a roughly hewn altar of Beogh.
     5 | D        | Found Manop's Must-Have Magic.
     5 | D        | Found Adoyfoeho's Magic Scroll Shop.
     5 | D        | Round 1.
    21 | D        | Found an opulent altar of Gozag.
    29 | D        | Reached skill level 4 in Fighting
    29 | D        | Reached XP level 2. HP: 20/20 MP: 2/2
    33 | D        | Found Bepsilel's Distillery.
    33 | D        | Found a bloodstained altar of Trog.
    33 | D        | Found a sacrificial altar of Ru.
    33 | D        | Found Ceigedus's Do-It-Yourself Clinic.
    34 | D        | Found Itewyxir's Distillery.
    34 | D        | Found Lirah's Bottled Wisdom.
    52 | D        | Reached ** piety under Trog
    52 | D        | Reached XP level 3. HP: 17/25 MP: 3/3
    59 | D        | Found an ornate altar of the Wu Jian Council.
   122 | D        | Reached skill level 5 in Fighting
   128 | D        | Arena points: 14 (+14) [x2]
   188 | D        | Round 2.
   195 | D        | Reached *** piety under Trog
   196 | D        | Found a burning altar of Makhleb.
   208 | D        | Found a shadowy altar of Dithmenos.
   208 | D        | Found Geciadgh's Weapon Rack.
   208 | D        | Found Kiumoz's Basic Armour.
   209 | D        | Found Getief's Miscellaneous Merchandise.
   210 | D        | Found a shimmering altar of Xom.
   210 | D        | Found an iron altar of Okawaru.
   210 | D        | Found a glowing golden altar of the Shining One.
   210 | D        | Found Dumnal's Premium Goods.
   218 | D        | Reached XP level 4. HP: 24/31 MP: 4/4
   227 | D        | Found a shimmering blue altar of Sif Muna.
   228 | D        | Found a corrupted altar of Lugonu.
   273 | D        | Found Hasoijo's Identification Station.
   273 | D        | Found Qaiguis's Advanced Armour.
   274 | D        | Found Dovoudgh's Jewellery.
   277 | D        | Reached skill level 5 in Armour
   298 | D        | Bought a +0 broad axe for 120 gold pieces
   314 | D        | Found Ruxzuehi's Delicious Food.
   314 | D        | Found a blossoming altar of Fedhas.
   314 | D        | Found a glowing silver altar of Zin.
   332 | D        | Reached **** piety under Trog
   332 | D        | Arena points: 50 (+36) [x3]
   374 | D        | Round 3.
   394 | D        | Noticed a rust devil
   394 | D        | Noticed a rust devil
   406 | D        | Reached skill level 6 in Fighting
   406 | D        | Reached skill level 5 in Axes
   406 | D        | Reached XP level 5. HP: 34/37 MP: 5/5
   412 | D        | Slain by a rust devil

Levels and vault maps discovered:
D:        arena_sprint

Skill      XL: |  1  2  3  4 |
---------------+-------------+-----
Axes           | 3 4 5 |  5.2
Dodging        | 2 3 4 |  4.0
Fighting       | 4 5 6 |  6.3
Armour         | 3 4 5 |  5.4

Action                   |  1- 3 |  4- 6 || total
-------------------------+-------+-------++-------
Melee: Hand axe          |    26 |    18 ||    44
       Broad axe         |       |    22 ||    22
Invok: Berserk           |     1 |     1 ||     2
Armor: Animal skin       |     8 |     5 ||    13
Dodge: Dodged            |    13 |    37 ||    50
